 Dungeon Crawl Stone Soup version 0.29.1-12-g30fa7ad0bf (webtiles) character file.

Game seed: 1023476230033097771

77 GorkyZ the Covered (level 4, -2/28 HPs)
             Began as a Gargoyle Fighter on Dec 13, 2022.
             Slain by Grinder the hellwing (8 damage)
             ... on level 3 of the Dungeon.
             The game lasted 00:08:30 (2492 turns).

GorkyZ the Covered (Gargoyle Fighter)               Turns: 2492, Time: 00:08:31

Health: -2/28      AC: 16    Str: 27    XL:     4   Next: 33%
Magic:  4/4        EV: 10    Int:  9    God:
Gold:   140        SH:  4    Dex:  9    Spells: 3/3 levels left

rFire   . . .      SeeInvis .   a - +1 flail
rCold   . . .      Faith    .   c - +0 buckler
rNeg    + . .      Spirit   .   q - +0 ring mail
rPois   ∞          Reflect  .   n - +1 helmet
rElec   +          Harm     .   (no cloak)
rCorr   .          Rampage  .   u - +0 pair of gloves
Will    .....                   (no boots)
Stlth   ..........              (no amulet)
HPRegen 0.09/turn               f - +6 ring of strength
MPRegen 0.09/turn               h - +4 ring of protection

@: no status effects
A: sickness immunity, AC +3, negative energy resistance 1, electricity
resistance, torment resistance 1, petrification resistance
a: no special abilities


You were on level 3 of the Dungeon.
You visited 1 branch of the dungeon, and saw 3 of its levels.

You collected 140 gold pieces.

Inventory:

Hand Weapons
 a - a +1 flail (weapon)
Missiles
 p - 6 poisoned darts
Armour
 b - a +0 scale mail
 c - a +0 buckler (worn)
 n - a +1 helmet (worn)
 q - a +0 ring mail (worn)
 u - a +0 pair of gloves (worn)
Jewellery
 f - a +6 ring of strength (left hand)
 h - a +4 ring of protection (right hand)
Wands
 e - a wand of polymorph (8) (quivered)
Scrolls
 j - a scroll of identify
 k - a scroll of fear
 o - a scroll of enchant weapon
Potions
 d - a potion of might
 i - a potion of resistance {unknown}
 l - a potion of ambrosia {unknown}
 m - a potion of haste {unknown}
 r - a potion of berserk rage {unknown}
 s - a potion of lignification {unknown}
 t - a potion of attraction {unknown}


   Skills:
 + Level 3.6 Fighting
 + Level 2.4 Maces & Flails
 + Level 1.0 Throwing
 + Level 3.8 Armour
 + Level 0.7 Dodging
 + Level 3.6 Shields
 + Level 1.1 Evocations


You had 3 spell levels left.
You didn't know any spells.
Your spell library contained the following spells:

 Spells                   Type           Power      Damage    Failure   Level
 Magic Dart               Conj           0%         1d3       61%         1
 Searing Ray              Conj           0%         2d4       75%         2
 Fulminant Prism          Conj/Hex       0%         3d6       100%        4


Dungeon Overview and Level Annotations

Branches:
Dungeon (3/15)

Altars:

Annotations:
D:3 Grinder


Innate Abilities, Weirdness & Mutations

You are immune to sickness and miasma.
Your stone body is resilient. (AC +3)
You are immune to poison.
You resist negative energy. (rN+)
You are resistant to electric shocks. (rElec)
You are resistant to unholy torment.
You are immune to petrification.


Message History

The kobold hits you with a +0 short sword.
The adder barely misses you.
You barely miss Grinder.
Grinder is moderately wounded.
The bat misses you. The bat barely misses you. You block Grinder's attack.
Grinder hits you but does no damage. The kobold barely misses you.
The adder bites you but does no damage. You block the bat's attack.
You block Grinder's attack. Grinder hits you but does no damage.
You closely miss Grinder.
Grinder is moderately wounded.
The bat barely misses you. The adder closely misses you.
You block the kobold's attack. The adder barely misses you.
Grinder hits you but does no damage. Grinder hits you.
The kobold hits you but does no damage.
You closely miss Grinder.
Grinder is moderately wounded.
The bat hits you but does no damage. The adder bites you but does no damage.
Grinder closely misses you. x2; The kobold barely misses you.
The adder barely misses you.
You hit Grinder but do no damage.
Grinder is lightly wounded.
The bat misses you. Grinder hits you! Grinder closely misses you.
The adder barely misses you. You block the kobold's attack. Grinder hits you.
You block Grinder's attack.
You hit Grinder but do no damage.
Grinder is lightly wounded.
The bat closely misses you. The adder barely misses you.
You block the bat's attack. The kobold hits you but does no damage.
The adder closely misses you. Grinder completely misses you.
Grinder hits you but does no damage. The kobold hits you but does no damage.
You hit Grinder.
Grinder is moderately wounded.
You block the bat's attack. The adder bites you but does no damage.
Grinder hits you!
* * * LOW HITPOINT WARNING * * *
Grinder hits you but does no damage. The kobold hits you but does no damage.
The adder bites you.
* * * LOW HITPOINT WARNING * * *
You feel better. The bat closely misses you. Grinder hits you!
You die...

.#...####.......#......
...................##...
................#..##...
....#...........#..#....
....#...........#..#....
..........##............
###.......##............
......S...##............
###..K@..##............
#..'b4...#.##.........
........#......#........
.....(..#.#....#........
........# ..............
........# ..............
......... #...#........
.....<... ...#.##.....
#.##.....


You could see Grinder the hellwing, an adder, a bat and a kobold.

Vanquished Creatures
  2 adders (D:2)
  A dart slug (D:1)
  A worm (D:2)
  5 ball pythons
  5 endoplasms
  2 giant cockroaches
  7 goblins
  6 hobgoblins
  3 quokkas
  3 bats (D:1)
  8 frilled lizards (D:1)
  3 kobolds
  8 rats
54 creatures vanquished.

Notes
Turn   | Place    | Note
-------+----------+-------------------------------------------
     0 | D:1      | GorkyZ the Gargoyle Fighter began the quest for the Orb.
     0 | D:1      | Reached XP level 1. HP: 14/14 MP: 1/1
   140 | D:1      | Reached XP level 2. HP: 19/19 MP: 2/2
   590 | D:1      | Reached XP level 3. HP: 23/23 MP: 3/3
  1321 | D:2      | Reached skill level 1 in Evocations
  1610 | D:2      | Reached XP level 4. HP: 28/28 MP: 4/4
  1844 | D:2      | Reached skill level 1 in Throwing
  2449 | D:3      | Found a faded altar of an unknown god.
  2471 | D:3      | Noticed Terence
  2472 | D:3      | Noticed Grinder
  2472 | D:3      | Paralysed by Grinder for 5 turns
  2478 | D:3      | Noticed Terence
  2478 | D:3      | Terence changed into Terence the rat
  2481 | D:3      | Killed Terence the rat
  2483 | D:3      | Noticed Grinder
  2483 | D:3      | Grinder changed into Grinder the hellwing
  2491 | D:3      | HP: 1/28 [adder (1)]
  2492 | D:3      | Slain by Grinder the hellwing

Illustrated notes

Levels and vault maps discovered:
D:1:      minmay_arrival_stone_box, layout_basic, nicolae_eternal_life,
          st_stairs_2, minmay_misc_feat_hallway, eino_curves_01,
          minmay_indecisive_spiral
D:2:      layout_basic
D:3:      layout_basic, nicolae_ecumenical_lake_church, portal_sewer_entry_e,
          uniq_terence, uniq_grinder

Skill      XL: |  1  2  3  4 |
---------------+-------------+-----
Evocations     | 1 |  1.1
Throwing       | 1 |  1.0
Fighting       | |  3.6
Maces & Flails | |  2.4
Armour         | |  3.8
Dodging        | |  0.7
Shields        | |  3.6

Action                   |  1- 3 |  4- 6 || total
-------------------------+-------+-------++-------
Melee: Flail             |   132 |    33 ||   165
Evoke: Wand              |       |     2 ||     2
  Use: Scroll            |     7 |     2 ||     9
       Potion            |       |     1 ||     1
Armor: Scale mail        |    77 |       ||    77
       Ring mail         |     3 |    58 ||    61
Dodge: Dodged            |    67 |    40 ||   107
Block: Buckler           |    27 |    23 ||    50
